 Dungeon Crawl Stone Soup version 0.30.0-29-ga12c61a403 (webtiles) character file.

Game seed: 5821137197938081888

394 H0rd4k the Charlatan (level 7, -3/51 HPs)
             Began as a Human Artificer on June 14, 2023.
             Was an Initiate of Gozag.
             Slain by Eustachio
             ... wielding a +2 heavy falchion
              (12 damage)
             ... on level 4 of the Dungeon.
             The game lasted 00:02:53 (2032 turns).

H0rd4k the Charlatan (Human Artificer)              Turns: 2032, Time: 00:02:53

Health: -3/51      AC:  3    Str: 13    XL:     7   Next: 9%
Magic:  10/10      EV: 12    Int: 13    God:    Gozag
Gold:   86         SH:  0    Dex: 13    Spells: 10/10 levels left

rFire   . . .        m - +2 dagger (venom)
rCold   . . .        (no shield)
rNeg    . . .        b - +0 leather armour
rPois   .            (no helmet)
rElec   .            (no cloak)
rCorr   .            (no gloves)
SInv    .            (no boots)
Will    .....        (no amulet)
Stlth   ++           (no ring)
HPRegen 0.28/turn    (no ring)
MPRegen 0.12/turn

%: no passive effects
@: no status effects
A: no striking features
a: Renounce Religion, Potion Petition, Call Merchant, Bribe Branch


You were on level 4 of the Dungeon.
You worshipped Gozag.
Gozag was noncommittal.
You visited 2 branches of the dungeon, and saw 4 of its levels.

You collected 114 gold pieces.
You paid 28 gold pieces to Gozag.

Inventory:

Hand Weapons
 m - a +2 dagger of venom (weapon)
Missiles
 g - 2 poisoned darts
Armour
 b - a +0 leather armour (worn)
Jewellery
 t - a +6 ring of dexterity
Wands
 c - a wand of flame (9) (quivered)
 d - a wand of charming (14)
 e - a wand of iceblast (1)
Scrolls
 h - 2 scrolls of poison {unknown}
 k - a scroll of vulnerability {unknown}
 l - a scroll of teleportation {unknown}
 p - 2 scrolls of identify {unknown}
 u - a scroll of fog {unknown}
Potions
 a - 2 potions of heal wounds {unknown}
 f - a potion of degeneration {unknown}
 i - a potion of curing {unknown}
 j - a potion of mutation {unknown}
 n - a potion of lignification {unknown}
 o - a potion of might {unknown}
 q - a potion of ambrosia {unknown}
 r - a potion of flight {unknown}
 s - a potion of resistance {unknown}


   Skills:
 + Level 2.5 Fighting
 + Level 2.3 Short Blades
 - Level 0.6 Maces & Flails
 - Level 2.0 Armour
 + Level 3.3 Dodging
 + Level 2.5 Stealth
 * Level 2.3 Spellcasting
 + Level 3.7 Evocations


You had 10 spell levels left.
You didn't know any spells.
Your spell library contained the following spells:

 Spells                   Type           Power      Damage    Failure   Level
 Cigotuvi's Dreadful Rot  Necr/Pois/Air  2%         N/A       43%         2
 Poisonous Vapours        Pois/Air       2%         N/A       43%         2
 Ignite Poison            Fire/Tmut/Pois 1%         N/A       67%         3
 Mephitic Cloud           Conj/Pois/Air  1%         N/A       67%         3
 Sticky Flame             Conj/Fire      1%         2d3       97%         4
 Summon Ice Beast         Ice/Summ       1%         N/A       97%         4
 Summon Lightning Spire   Summ/Air       1%         N/A       97%         4
 Freezing Cloud           Conj/Ice/Air   0%         6-21      100%        5
 Ozocubu's Refrigeration  Ice            0%         4d7       100%        7
 Ignition                 Fire           0%         3d3       100%        8


Dungeon Overview and Level Annotations

Branches:
Dungeon (4/15)             Temple (1/1) D:4

Altars:
Dithmenos
Fedhas
Gozag
Ru
Trog
Uskayaw
Vehumet
Wu Jian
Xom
The Shining One

Annotations:
D:4 Eustachio, Pikel


Message History

The orc is severely wounded.
You hit the orc.
You kill the orc!
The orc shouts!
You hit the orc.
The orc is poisoned.
The orc is severely wounded.
You hear a shout!
The orc closely misses you.
You hit the orc.
The orc looks even sicker.
The orc is almost dead.
You kill the orc!
Eustachio is distracted by your dazzling golden aura.
Eustachio is no longer distracted by gold.
Eustachio says, "My allies will avenge me."
Eustachio zaps a wand.
The puff of flame hits you!
Items here: $ )) [.
You hit Eustachio.
Eustachio is poisoned.
Eustachio is lightly wounded.
The ball python is distracted by your dazzling golden aura.
Eustachio zaps a wand.
The puff of flame hits you!
The ball python hisses angrily.
You hit Eustachio.
Eustachio is moderately wounded.
Eustachio hits you with a +2 heavy falchion.
You hit Eustachio.
Eustachio is moderately wounded.
A kobold comes into view. It is wielding a +0 trident.
You hit Eustachio.
Eustachio looks as sick as possible!
Eustachio is heavily wounded.
The ball python is no longer distracted by gold.
Eustachio hits you with a +2 heavy falchion!
You hit Eustachio.
Eustachio looks as sick as possible!
Eustachio is heavily wounded.
Eustachio zaps a wand.
The puff of flame hits you!
* * * LOW HITPOINT WARNING * * *
You barely miss Eustachio.
Eustachio is heavily wounded.
Eustachio hits you with a +2 heavy falchion!
You die...
Your body crumbles into a pile of gold.

######.)######
#............#######
#.####.............#
##.####.#####.#
#.###...####.###.
#.....#K...#.....
#####.So#........
##@##..####..
#@##..# #.##oo#
#.##$S# ..##..#
#####@.. #.### #.# #
#.# # .#.#


You could see Eustachio (extremely poisoned), an orc, a ball python and a
kobold.

Vanquished Creatures
  Grinder (D:4)
  An ogre (D:4)
  An orc wizard (D:4)
  2 adders (D:2)
  2 dart slugs
  4 orcs (D:4)
  6 ball pythons
  4 bats
  2 endoplasms
  8 goblins
  2 hobgoblins
  2 jackals (D:2)
  5 kobolds
  6 quokkas
  2 frilled lizards
  5 rats
53 creatures vanquished.

Notes
Turn   | Place    | Note
-------+----------+-------------------------------------------
     0 | D:1      | H0rd4k the Human Artificer began the quest for the Orb.
     0 | D:1      | Reached XP level 1. HP: 15/15 MP: 1/1
   140 | D:1      | Found a faded altar of an unknown god.
   171 | D:1      | Reached XP level 2. HP: 21/21 MP: 2/2
   527 | D:1      | Reached XP level 3. HP: 6/26 MP: 3/3
  1366 | D:2      | Reached XP level 4. HP: 29/33 MP: 4/4
  1521 | D:2      | You fall into a shaft and drop 2 floors!
  1523 | D:4      | Noticed Grinder
  1527 | D:4      | Killed Grinder
  1528 | D:4      | Reached skill level 1 in Short Blades
  1528 | D:4      | Reached skill level 1 in Spellcasting
  1528 | D:4      | Reached XP level 5. HP: 39/39 MP: 4/7
  1528 | D:4      | Reached XP level 6. HP: 45/45 MP: 4/8
  1572 | D:4      | Got the Lessons on the Frostbound Birds
  1739 | D:4      | Found a staircase to the Ecumenical Temple.
  1751 | D:4      | Noticed Pikel
  1753 | Temple   | Entered the Ecumenical Temple
  1877 | Temple   | Became a worshipper of Gozag Ym Sagoz the Greedy
  1986 | D:4      | Noticed an ogre
  1991 | D:4      | Killed an ogre
  1992 | D:4      | Reached XP level 7. HP: 51/51 MP: 10/10
  2010 | D:4      | Noticed Eustachio
  2032 | D:4      | Slain by Eustachio

Illustrated notes

Levels and vault maps discovered:
D:1:      eino_arrival_water_cross, layout_basic, basic_ecumenical_altar,
          serial_bayou_pond_d, amcnicky_mini_corridor_feature
D:2:      layout_basic
D:4:      layout_loops_ring, minmay_temple_entry_trees, uniq_pikel,
          uniq_eustachio, uniq_grinder, uniq_sigmund
Temple:   eino_temple_scatter_basement

Skill      XL: |  1  2  3  4  5  6 |
---------------+-------------------+-----
Dodging        | 2 3 |  3.3
Fighting       | 2 |  2.5
Short Blades   | 1 2 |  2.3
Stealth        | 2 |  2.5
Spellcasting   | 1 2 |  2.3
Maces & Flails | |  0.6
Armour         | |  2.0
Evocations     | |  3.7

Action                     |  1- 3 |  4- 6 |  7- 9 || total
---------------------------+-------+-------+-------++-------
  Melee: Club              |   128 |       |       ||   128
         Punch             |     1 |     1 |       ||     2
         Dagger            |    13 |    50 |    14 ||    77
  Evoke: Wand              |       |    10 |     1 ||    11
   Stab: Sleeping          |     2 |       |       ||     2
 Armour: Leather armour    |    58 |     4 |     1 ||    63
  Dodge: Dodged            |   106 |    26 |     5 ||   137
